 Dungeon Crawl Stone Soup version 0.28.0-53-g5a82cb258f (webtiles) character file.

Game seed: 14551199245038655351

157 bnorton916 the Magician (level 5, -10/28 HPs)
             Began as a Deep Elf Fire Elementalist on July 12, 2022.
             Mangled by Blork the orc
             ... wielding a +2 battleaxe of electrocution
              (19 damage)
             ... on level 3 of the Dungeon.
             The game lasted 00:03:15 (4347 turns).

bnorton916 the Magician (DEFE)                      Turns: 4347, Time: 00:03:16

Health: -10/28     AC:  3    Str:  5    XL:     5   Next: 15%
Magic:  13/13      EV: 12    Int: 22    God:
Gold:   88         SH:  0    Dex: 15    Spells: 7/13 levels left

rFire   . . .      SeeInvis .   (no weapon)
rCold   . . .      Faith    .   (no shield)
rNeg    . . .      Spirit   .   a - +0 robe
rPois   .          Reflect  .   (no helmet)
rElec   .          Harm     .   (no cloak)
rCorr   .          Rampage  .   (no gloves)
Will    .....                   k - +0 pair of boots
Stlth   ++........              (no amulet)
HPRegen 0.09/turn               (no ring)
MPRegen 0.13/turn               (no ring)

@: about to teleport
A: no striking features
a: no special abilities


You were on level 3 of the Dungeon.
You visited 1 branch of the dungeon, and saw 4 of its levels.

You collected 88 gold pieces.

Inventory:

Missiles
 b - 9 poisoned darts
 d - 52 stones
Armour
 a - a +0 robe (worn)
 k - a +0 pair of boots (worn)
Wands
 f - a wand of flame (17)
Scrolls
 c - 3 scrolls of identify
 e - a scroll of amnesia
 g - 2 scrolls of fog
 j - 4 scrolls of teleportation
Potions
 h - a potion of might
 i - a potion of heal wounds


   Skills:
 - Level 2.4 Dodging
 - Level 2.4 Stealth
 + Level 4.5 Spellcasting
 + Level 3.0 Conjurations
 + Level 4.3 Fire Magic
 + Level 2.0 Ice Magic


You had 7 spell levels left.
You knew the following spells:

 Your Spells              Type           Power      Damage    Failure   Level
a - Foxfire               Conj/Fire      84%        2x1d8     2%          1
b - Scorch                Fire           48%        2d7       2%          2
c - Conjure Flame         Conj/Fire      21%        6-21      7%          3

Your spell library contained the following spells:

 Spells                   Type           Power      Damage    Failure   Level
 Inner Flame              Hex/Fire       14%        N/A       13%         3
 Flame Wave               Conj/Fire      21%        2d7       24%         4
 Freezing Cloud           Conj/Ice/Air   6%         6-21      82%         5
 Simulacrum               Ice/Necr       4%         N/A       100%        6
 Polar Vortex             Ice            7%         N/A       100%        9


Dungeon Overview and Level Annotations

Branches:
Dungeon (4/15)
 Temple: D:4-7

Altars:
Ru

Annotations:
D:3 Blork the orc


Message History

You kill the giant cockroach!
Your foxfire dissipates!
Casting: Foxfire (safe; 2% risk of failure)
Confirm with . or Enter, or press ? or * to list all spells.
You conjure some foxfire!
Your foxfire dissipates! x2
Your foxfire dissipates! x2
f - a wand of flame (17) (gained 14 charges)
You open the door.
There is an open door here.
You open the door.
Found a stone staircase leading up.
There is an open door here.
j - 5 scrolls of teleportation (gained 1)
You open the door.
Blork the orc and a ball python come into view.
Blork the orc is wielding a +2 battleaxe of electrocution and wearing a +2 robe of fire resistance.
The ball python hisses angrily.
Blork the orc shouts!
Blork the orc mumbles some strange words.
Blork the orc seems to speed up.
Casting: Foxfire (safe; 2% risk of failure)
Confirm with . or Enter, or press ? or * to list all spells.
You conjure some foxfire!
A quokka comes into view.
The foxfire hits the ball python.
You kill the ball python!
The foxfire hits Blork the orc.
Blork the orc resists.
Blork the orc is lightly wounded.
An endoplasm comes into view.
Blork the orc barely misses you.
There is a stone staircase leading up here.
Blork the orc hits you with a +2 battleaxe of electrocution!
You climb upwards.
There is a stone staircase leading down here.
As you read the scroll of teleportation, it crumbles to dust.
You feel strangely unstable. Blork the orc barely misses you.
Blork the orc hits you with a +2 battleaxe of electrocution.
You are electrocuted!!
Ouch! That really hurt!
You die...

####'######## #.#
#.# #.....# #.# #.#
#.....# #.# #.#
#.....# #.# #.#
#.....# #.# #.#
#.....# #.# #.#
#.....# #.# #.#
#####'###########.#
#.#
................@.#
#.#
################.o#
#.# ############
#..###.##
+..........#
#.......#
#########..#
#.####..#
#########..# #.#
#..# ##.........#
#.# #..#
##.#####.#.# #.#
#..# ....# #.#.#
#.# #..#


You could see Blork the orc (fast).

Vanquished Creatures
  An iguana (D:4)
  4 gnolls (D:2)
  3 adders (D:3)
  A worm (D:3)
  2 dart slugs
  5 orcs (D:4)
  6 ball pythons
  6 giant cockroaches
  4 goblins
  4 hobgoblins
  4 jackals (D:2)
  2 kobolds
  2 quokkas (D:1)
  4 bats
  4 frilled lizards
  7 rats
59 creatures vanquished.

Vanquished Creatures (others)
  266 foxfires
266 creatures vanquished.

Grand Total: 325 creatures vanquished

Notes
Turn   | Place    | Note
-------+----------+-------------------------------------------
     0 | D:1      | bnorton916 the Deep Elf Fire Elementalist began the quest
                  | for the Orb.
     0 | D:1      | Reached XP level 1. HP: 10/10 MP: 6/6
   345 | D:1      | Found a faded altar of an unknown god.
   351 | D:1      | Reached XP level 2. HP: 15/15 MP: 6/8
  1589 | D:2      | Reached XP level 3. HP: 19/19 MP: 7/10
  1592 | D:2      | Learned a level 2 spell: Scorch
  1596 | D:2      | Learned a level 3 spell: Conjure Flame
  1663 | D:3      | Reached skill level 1 in Ice Magic
  1806 | D:3      | Found a sacrificial altar of Ru.
  2125 | D:3      | Reached XP level 4. HP: 24/24 MP: 9/12
  4211 | D:4      | Reached XP level 5. HP: 28/28 MP: 7/13
  4340 | D:4      | Noticed Blork the orc
  4347 | D:3      | Mangled by Blork the orc

Illustrated notes

Levels and vault maps discovered:
D:1:      scummos_arrival_gate, layout_loops_ring,
          shapermc_ecumenical_altar_totnotflames
D:2:      layout_loops_ring, minmay_tromino_v4_a
D:3:      layout_basic, pf_just_have_faith, minmay_misc_feat_pillars
D:4:      layout_gridville, mainiacjoe_overflow_small_starburst,
          corexii_checkpoint_a, uniq_blork_the_orc, uniq_edmund

Skill      XL: |  1  2  3  4 |
---------------+-------------+-----
Conjurations   | 2 3 |  3.0
Spellcasting   | 4 |  4.5
Ice Magic      | 1 2 |  2.0
Fire Magic     | 4 |  4.3
Dodging        | |  2.4
Stealth        | |  2.4

Action                   |  1- 3 |  4- 6 || total
-------------------------+-------+-------++-------
 Cast: Foxfire           |   111 |    65 ||   176
       Scorch            |     3 |     7 ||    10
       Conjure Flame     |     1 |       ||     1
  Use: Scroll            |       |     6 ||     6
Armor: Robe              |     1 |     2 ||     3
Dodge: Dodged            |    12 |     6 ||    18
